 Dungeon Crawl Stone Soup version 0.28-a0-973-ga7f8b01127 (webtiles) character file.

Game seed: 1450554145283886995

21 fragbeetle the Ruffian (level 2, -1/23 HPs)
             Began as a Draconian Transmuter on Dec 1, 2021.
             Succumbed to a goblin's poison
             ... on level 2 of the Dungeon.
             The game lasted 00:05:29 (1039 turns).

fragbeetle the Ruffian (Draconian Transmuter)       Turns: 1039, Time: 00:05:30

Health: -1/23      AC:  4    Str: 12    XL:     2   Next: 62%
Magic:  4/5        EV: 12    Int: 13    God:
Gold:   44         SH:  0    Dex: 11    Spells: 2/5 levels left

rFire   . . .      SeeInvis .     - Unarmed
rCold   . . .      Faith    .   (no shield)
rNeg    . . .      Spirit   .   (armour unavailable)
rPois   .          Reflect  .   (helmet currently unavailable)
rElec   .          Harm     .   (no cloak)
rCorr   .          Rampage  .   (no gloves)
Will    .....                   (boots currently unavailable)
Stlth   +.........              (no amulet)
HPRegen 0.07/turn               (no ring)
MPRegen 0.09/turn               (no ring)

@: lethally poisoned (-1 -> -12), appendages (expiring)
A: horns 2, talons 2, AC +4, unfitting armour, cold-blooded
a: End Transformation


You were on level 2 of the Dungeon.
You had temporarily grown beastly horns and talons.
You visited 1 branch of the dungeon, and saw 2 of its levels.

You collected 44 gold pieces.

Inventory:

Missiles
 b - 103 stones
 e - 5 poisoned darts
Armour
 g - a +0 pair of gloves
Scrolls
 c - a scroll of identify {unknown}
 d - 2 scrolls of summoning {unknown}
Potions
 a - a potion of ambrosia {unknown}
 f - a potion of resistance {unknown}


   Skills:
 + Level 1.1 Fighting
 + Level 2.0 Dodging
 + Level 3.4 Unarmed Combat
 + Level 2.3 Spellcasting
 + Level 2.2 Transmutations


You had 2 spell levels left.
You knew the following spells:

 Your Spells              Type           Power      Damage    Failure   Level
a - Beastly Appendage     Tmut           14%        N/A       10%         1
b - Wereblood             Tmut           7%         N/A       16%         2

Your spell library contained the following spells:

 Spells                   Type           Power      Damage    Failure   Level
 Spider Form              Tmut/Pois      4%         N/A       43%         3
 Ice Form                 Ice/Tmut       4%         N/A       83%         4


Dungeon Overview and Level Annotations

Branches:
Dungeon (2/15)

Altars:

Shops:
D:1 *


Innate Abilities, Weirdness & Mutations

You have temporarily grown beastly horns and talons.
Your plain brown scales are hard. (AC +4)
You cannot fit into any form of body armour.
You are cold-blooded and may be slowed by cold attacks.


Message History

The goblin shouts!
The goblin unwields a +0 dagger of venom.
It stops dripping with poison.
The goblin wields a +0 hunting sling.
The goblin shoots a stone.
The stone closely misses you.
You see here a +0 pair of gloves.
g - a +0 pair of gloves You start putting on your armour.
You continue putting on your +0 pair of gloves.
Magic restored.
The goblin shoots a stone.
Keep equipping yourself?
Uppercase [Y]es or [N]o only, please.
Keep equipping yourself?
Uppercase [Y]es or [N]o only, please.
Keep equipping yourself?
You stop putting on your armour.
The stone hits you.
The goblin shoots a stone.
The stone hits you but does no damage.
The goblin shoots a stone.
The stone barely misses you.
Your horns disappear.
Your talons disappear.
The goblin shoots a stone.
The stone hits you.
Casting: Beastly Appendage (safe; 10% risk of failure)
Confirm with . or Enter, or press ? or * to list all spells.
You grow a pair of large bovine horns.
Your feet morph into talons.
Your transformation is almost over.
The goblin unwields a +0 hunting sling.
The goblin wields a +0 dagger of venom.
It begins to drip with poison!
The goblin hits you but does no damage.
You are lethally poisoned!
You barely miss the goblin.
You feel very sick.
The goblin hits you with a +0 dagger of venom.
You are more poisoned.
Unknown command.
You hit the goblin.
You kill the goblin!
* * * LOW HITPOINT WARNING * * *
You feel very sick.
* * * LOW HITPOINT WARNING * * *
You feel very sick.
Things that are here:
a +0 dagger of venom; a +0 hunting sling; 14 stones You die...

#...≈≈≈≈≈≈≈≈≈≈...
#..≈≈≈≈≈≈≈≈≈≈≈≈≈.
#....≈≈≈≈≈≈≈≈≈...
#......≈≈≈≈≈.....
#.......≈≈≈......
#.......≈≈.......
#........≈.......
#########)....†..≈.......
........@.#.#######.#####
....#######.# #.# . #.#
..# ..# #.## .# #. #.


There were no monsters in sight!

Vanquished Creatures
  A giant cockroach (D:1)
  2 goblins
  2 hobgoblins
  3 jackals (D:1)
  2 quokkas
  2 ball pythons (D:1)
  2 bats (D:1)
  2 kobolds (D:1)
  2 rats (D:1)
18 creatures vanquished.

Vanquished Creatures (others)
  Robin (D:2)
  8 goblins (D:2)
9 creatures vanquished.

Grand Total: 27 creatures vanquished

Notes
Turn   | Place    | Note
-------+----------+-------------------------------------------
     0 | D:1      | fragbeetle the Draconian Transmuter began the quest for the
                  | Orb.
     0 | D:1      | Reached XP level 1. HP: 16/16 MP: 3/3
    65 | D:1      | Found Zesuask's Assorted Antiques.
   190 | D:1      | Reached XP level 2. HP: 23/23 MP: 3/5
   199 | D:1      | Learned a level 2 spell: Wereblood
   359 | D:1      | Found a faded altar of an unknown god.
   980 | D:2      | Noticed Robin
   985 | D:2      | Killed Robin
  1038 | D:2      | HP: 1/23 [poisoned by a goblin]
  1039 | D:2      | Succumbed to a goblin's poison

Illustrated notes

Levels and vault maps discovered:
D:1:      lemuel_arrival_tunnels, layout_basic,
          shapermc_ecumenical_altar_hornbeckon, serial_shops, shop_statue
D:2:      layout_basic, lemuel_old_faithful, uniq_robin

Skill      XL: |  1  2 |
---------------+-------+-----
Dodging        | 2 |  2.0
Fighting       | |  1.1
Unarmed Combat | |  3.4
Spellcasting   | |  2.3
Transmutations | |  2.2

Action                   || total
-------------------------++-------
Melee: Unarmed           ||    38
       Kick              ||    10
       Headbutt          ||     2
       Tailslap          ||     1
 Cast: Beastly Appendage ||    16
Armor: Skin              ||    16
Dodge: Dodged            ||    26

Table legend: (Time is in decaauts)
 A = Elapsed time spent in this place.
 B = Non-inter-level travel time spent in this place.
 C = Inter-level travel time spent in this place.
 D = Time resting spent in this place.
 E = Time spent auto-exploring this place.
 F = Levels seen in this place.
 G = Mean time per level.
                   A        B        C        D        E       F      G
               +--------+--------+--------+--------+--------+-----+--------+
         Total |   1044 |   1044 |      0 |      0 |    431 |   2 |  522.0 |
       Dungeon |   1044 |   1044 |      0 |      0 |    431 |   2 |  522.0 |
               +--------+--------+--------+--------+--------+-----+--------+

Top non-repeatable levels by time:
     D:1: 970 daAuts
     D:2: 74 daAuts
